[ AOE2 MATCH · #485361316 ]
UnrankedKhmer vs Lithuanians
[ REPLAY ANALYSIS · EXTRACTED FROM THE RECORDED GAME ]
Feudal
12:15
Castle
20:32
Imperial
35:25
| APM avg | 27.9 |
| APM peak | 61 |
| eAPM avg | 18.5 |
| Villagers / military | 162 / 136 |
Focus
⚔️ 15.6% · 🌾 84.4%
Ballista Elephant ×67 · Battle Elephant ×66 · Monk ×3
Feudal
11:55
Castle
17:39
Imperial
32:05
| APM avg | 17.5 |
| APM peak | 51 |
| eAPM avg | 10.1 |
| Villagers / military | 102 / 111 |
Focus
⚔️ 25.9% · 🌾 74.1%
Leitis ×74 · Skirmisher ×30 · Trebuchet (Packed) ×4 · Mangonel ×3
Feudal
13:19
Castle
17:39
Imperial
34:10
| APM avg | 35.2 |
| APM peak | 77 |
| eAPM avg | 25.7 |
| Villagers / military | 174 / 167 |
Focus
⚔️ 22.8% · 🌾 77.2%
Conquistador ×152 · Trade Cart ×30 · Bombard Cannon ×15
Feudal
12:30
Castle
21:30
Imperial
36:51
| APM avg | 18.3 |
| APM peak | 40 |
| eAPM avg | 12.0 |
| Villagers / military | 100 / 56 |
Focus
⚔️ 20.7% · 🌾 79.3%
Spearman ×32 · Samurai ×21 · Mangonel ×2 · Trebuchet (Packed) ×1
Feudal
13:14
Castle
20:30
Imperial
33:51
| APM avg | 15.8 |
| APM peak | 264 |
| eAPM avg | 12.8 |
| Villagers / military | 117 / 88 |
Focus
⚔️ 20.9% · 🌾 79.1%
Scorpion ×87 · Trade Cart ×10 · Trebuchet (Packed) ×1
Feudal
17:01
Castle
22:38
Imperial
36:38
| APM avg | 6.5 |
| APM peak | 29 |
| eAPM avg | 4.9 |
| Villagers / military | 68 / 46 |
Focus
⚔️ 26.3% · 🌾 73.7%
Spearman ×27 · Conquistador ×16 · Monk ×3
Feudal
12:04
Castle
15:49
Imperial
32:43
| APM avg | 23.8 |
| APM peak | 55 |
| eAPM avg | 15.8 |
| Villagers / military | 141 / 126 |
Focus
⚔️ 19.7% · 🌾 80.3%
Knight ×90 · Scorpion ×26 · Trebuchet (Packed) ×5 · Battering Ram ×4 · Monk ×1
Feudal
10:20
Castle
33:07
Imperial
—
| APM avg | 6.7 |
| APM peak | 16 |
| eAPM avg | 5.9 |
| Villagers / military | 48 / 80 |
Focus
⚔️ 41.8% · 🌾 58.2%
Spearman ×38 · Militia ×12 · Skirmisher ×11 · Archer ×9 · Elephant Archer ×6 · Scout Cavalry ×3
Match map
Initial resources + every placement click. Lines = walls · curves = elevation contours. ◆ gold · ⬟ stone · ● berries · ✦ relic · ◌ wall gap
Your base· ✓ Closed at 20:32 · 47t walls · no gate
white wolf and Gun's base· ✓ Closed at 17:39 · 25t walls · no gate
LJRG10's base· ✓ Closed at 17:39 · 49t walls · no gate
JaebiS_°-°_Shooter's base· ✓ Closed at 21:30 · 55t walls · 4 gate(s)
Marckozz7's base· ✓ Closed at 20:30 · 12t walls · no gate
DEIVIN's base· ✓ Closed at 22:38 · 0t walls · no gate
青山新雨 夜观星河's base· ✓ Closed at 15:49 · 0t walls · 1 gate(s)
fernandosg1502's base· ✓ Closed at 33:07 · 74t walls · 3 gate(s)
Smoothed initial terrain · ◌ = detected wall gap · hover for details
Inputs per minute
— 武靖岐阳王李文忠 - - white wolf and Gun
Build order — 武靖岐阳王李文忠
First 150 of 393 actions detected
| 0:07 | Build | House |
| 0:09 | Build | House |
| 0:11 | Queue | Villager (Male) |
| 0:11 | Queue | Villager (Male) |
| 0:11 | Queue | Villager (Male) |
| 0:11 | Queue | Villager (Male) |
| 0:11 | Queue | Villager (Male) |
| 0:12 | Queue | Villager (Male) |
| 0:38 | Build | House |
| 0:40 | Build | House |
| 1:55 | Build | Palisade Wall |
| 2:00 | Queue | Villager (Male) |
| 2:00 | Queue | Villager (Male) |
| 2:24 | Build | Palisade Wall |
| 2:49 | Queue | Villager (Male) |
| 2:49 | Queue | Villager (Male) |
| 2:49 | Queue | Villager (Male) |
| 2:57 | Build | Lumber Camp |
| 3:20 | Queue | Villager (Male) |
| 3:21 | Queue | Villager (Male) |
| 3:21 | Queue | Villager (Male) |
| 3:29 | Queue | Villager (Male) |
| 3:30 | Queue | Villager (Male) |
| 4:13 | Queue | Villager (Male) |
| 4:14 | Queue | Villager (Male) |
| 4:14 | Queue | Villager (Male) |
| 4:14 | Queue | Villager (Male) |
| 4:58 | Build | House |
| 5:03 | Queue | Villager (Male) |
| 5:04 | Queue | Villager (Male) |
| 5:34 | Queue | Villager (Male) |
| 5:34 | Queue | Villager (Male) |
| 5:35 | Queue | Villager (Male) |
| 6:02 | Queue | Villager (Male) |
| 6:03 | Queue | Villager (Male) |
| 6:03 | Queue | Villager (Male) |
| 6:46 | Queue | Villager (Male) |
| 7:05 | Queue | Villager (Male) |
| 7:59 | Build | Mill |
| 8:04 | Queue | Villager (Male) |
| 8:05 | Queue | Villager (Male) |
| 8:05 | Queue | Villager (Male) |
| 9:02 | Build | Mill |
| 10:05 | Research | Feudal Age |
| 10:33 | Build | House |
| 10:37 | Build | House |
| 10:39 | Build | House |
| 11:59 | Queue | Villager (Male) |
| 11:59 | Queue | Villager (Male) |
| 12:15 | Age | Feudal Age |
| 12:30 | Research | Double-Bit Axe |
| 12:32 | Queue | Villager (Male) |
| 12:33 | Queue | Villager (Male) |
| 12:36 | Research | Horse Collar |
| 12:40 | Build | House |
| 12:41 | Build | House |
| 12:47 | Queue | Villager (Male) |
| 13:12 | Build | Stone Wall |
| 13:37 | Build | Mill |
| 13:45 | Build | House |
| 13:46 | Build | House |
| 13:47 | Build | House |
| 13:55 | Build | Mining Camp |
| 14:01 | Queue | Villager (Male) |
| 14:03 | Queue | Villager (Male) |
| 15:32 | Build | House |
| 15:33 | Build | House |
| 15:34 | Build | House |
| 15:45 | Build | Mining Camp |
| 15:47 | Queue | Villager (Male) |
| 15:48 | Queue | Villager (Male) |
| 15:48 | Queue | Villager (Male) |
| 15:58 | Queue | Villager (Male) |
| 15:58 | Queue | Villager (Male) |
| 16:10 | Build | Stone Wall |
| 16:25 | Build | Farm |
| 16:40 | Build | Farm |
| 17:05 | Build | Farm |
| 17:24 | Build | Farm |
| 17:31 | Build | Farm |
| 17:44 | Research | Castle Age |
| 18:02 | Build | Farm |
| 18:16 | Build | Farm |
| 18:18 | Build | Farm |
| 18:32 | Build | Stone Wall |
| 18:36 | Research | Stone Mining |
| 19:00 | Build | Farm |
| 19:01 | Build | Farm |
| 19:03 | Build | Farm |
| 19:05 | Build | Farm |
| 19:06 | Build | Farm |
| 19:23 | Build | Farm |
| 19:26 | Build | Farm |
| 20:32 | Build | Outpost |
| 20:32 | Age | Castle Age |
| 20:36 | Queue | Villager (Male) |
| 20:36 | Queue | Villager (Male) |
| 20:48 | Build | Town Center |
| 20:57 | Queue | Villager (Male) |
| 21:06 | Build | Stone Wall |
| 21:15 | Research | Bow Saw |
| 21:15 | Research | Bow Saw |
| 21:18 | Queue | Villager (Male) |
| 21:41 | Build | Stone Wall |
| 21:51 | Queue | Villager (Male) |
| 22:04 | Queue | Villager (Male) |
| 22:04 | Queue | Villager (Male) |
| 22:04 | Queue | Villager (Male) |
| 22:10 | Queue | Villager (Male) |
| 22:13 | Queue | Villager (Male) |
| 22:16 | Research | Heavy Plow |
| 22:16 | Research | Heavy Plow |
| 22:31 | Queue | Villager (Male) |
| 22:52 | Build | Farm |
| 22:55 | Queue | Villager (Male) |
| 22:56 | Queue | Villager (Male) |
| 23:09 | Build | Town Center |
| 23:15 | Queue | Villager (Male) |
| 23:17 | Build | Farm |
| 23:30 | Build | Farm |
| 23:41 | Queue | Villager (Male) |
| 23:44 | Build | Farm |
| 23:52 | Build | Farm |
| 24:01 | Queue | Villager (Male) |
| 24:03 | Queue | Villager (Male) |
| 24:03 | Queue | Villager (Male) |
| 24:04 | Queue | Villager (Male) |
| 24:06 | Queue | Villager (Male) |
| 24:10 | Build | Farm |
| 24:13 | Queue | Villager (Male) |
| 24:19 | Build | House |
| 24:25 | Queue | Villager (Male) |
| 24:27 | Queue | Villager (Male) |
| 24:29 | Queue | Villager (Male) |
| 24:30 | Queue | Villager (Male) |
| 24:31 | Queue | Villager (Male) |
| 24:31 | Queue | Villager (Male) |
| 24:49 | Build | Town Center |
| 24:57 | Build | Lumber Camp |
| 25:08 | Queue | Villager (Male) |
| 25:14 | Queue | Villager (Male) |
| 25:15 | Queue | Villager (Male) |
| 25:21 | Build | House |
| 25:22 | Build | House |
| 25:26 | Build | Farm |
| 25:34 | Queue | Villager (Male) |
| 25:40 | Build | Farm |
| 25:44 | Queue | Villager (Male) |
| 25:48 | Queue | Villager (Male) |
| 25:49 | Queue | Villager (Male) |
Build order — white wolf and Gun
First 150 of 217 actions detected
| 0:01 | Queue | Villager (Male) |
| 0:01 | Queue | Villager (Male) |
| 0:02 | Queue | Villager (Male) |
| 0:02 | Queue | Villager (Male) |
| 0:06 | Build | House |
| 0:08 | Build | House |
| 1:05 | Queue | Villager (Male) |
| 1:05 | Queue | Villager (Male) |
| 1:05 | Queue | Villager (Male) |
| 1:27 | Queue | Villager (Male) |
| 1:27 | Queue | Villager (Male) |
| 2:30 | Build | Lumber Camp |
| 2:45 | Queue | Villager (Male) |
| 2:45 | Queue | Villager (Male) |
| 2:46 | Queue | Villager (Male) |
| 3:17 | Build | House |
| 3:44 | Queue | Villager (Male) |
| 3:45 | Queue | Villager (Male) |
| 3:45 | Queue | Villager (Male) |
| 4:21 | Queue | Villager (Male) |
| 4:22 | Queue | Villager (Male) |
| 4:39 | Queue | Villager (Male) |
| 4:46 | Build | Mill |
| 5:30 | Build | House |
| 5:30 | Build | House |
| 5:40 | Queue | Villager (Male) |
| 5:40 | Queue | Villager (Male) |
| 5:41 | Queue | Villager (Male) |
| 5:41 | Queue | Villager (Male) |
| 5:47 | Research | Loom |
| 5:48 | Queue | Villager (Male) |
| 5:48 | Queue | Villager (Male) |
| 7:40 | Queue | Villager (Male) ×5 |
| 8:10 | Build | Mining Camp |
| 9:30 | Research | Feudal Age |
| 10:21 | Queue | Villager (Male) ×2 |
| 10:53 | Build | Mill |
| 11:19 | Build | House |
| 11:20 | Build | House |
| 11:55 | Age | Feudal Age |
| 12:01 | Build | Stone Wall |
| 12:34 | Build | Mining Camp |
| 12:47 | Build | Blacksmith |
| 12:55 | Build | Market |
| 13:44 | Queue | Villager (Male) |
| 13:45 | Queue | Villager (Male) |
| 13:57 | Queue | Villager (Male) |
| 14:15 | Build | Blacksmith |
| 14:33 | Build | Farm |
| 14:34 | Build | Farm |
| 14:35 | Build | Farm |
| 14:36 | Build | Farm |
| 14:38 | Build | Farm |
| 14:59 | Research | Castle Age |
| 15:12 | Build | Mill |
| 15:22 | Build | Stone Wall |
| 16:09 | Queue | Villager (Male) ×5 |
| 16:33 | Queue | Villager (Male) |
| 16:33 | Queue | Villager (Male) |
| 17:05 | Research | Horse Collar |
| 17:39 | Age | Castle Age |
| 17:49 | Build | Town Center |
| 18:19 | Build | Town Center |
| 18:34 | Build | Stone Wall |
| 18:40 | Build | Gate |
| 19:08 | Build | Stone Wall |
| 19:18 | Research | Double-Bit Axe |
| 19:34 | Build | Farm |
| 19:42 | Build | Farm |
| 19:55 | Queue | Villager (Male) |
| 19:55 | Queue | Villager (Male) |
| 20:07 | Research | Wheelbarrow |
| 20:27 | Build | Farm |
| 20:28 | Build | Farm |
| 20:30 | Build | Farm |
| 20:37 | Queue | Villager (Male) ×5 |
| 20:37 | Queue | Villager (Male) ×5 |
| 21:04 | Build | Farm |
| 21:07 | Build | Farm |
| 21:10 | Build | Farm |
| 21:21 | Build | Farm |
| 21:37 | Build | Stone Wall |
| 22:21 | Build | Stone Wall |
| 22:40 | Build | Stone Wall |
| 23:02 | Queue | Villager (Male) ×5 |
| 23:10 | Queue | Villager (Male) ×5 |
| 23:21 | Build | Barracks |
| 23:25 | Build | Gate |
| 23:54 | Queue | Villager (Male) ×5 |
| 24:03 | Build | House |
| 24:07 | Build | House |
| 24:24 | Build | Farm |
| 24:47 | Build | Stone Wall |
| 25:01 | Build | Farm |
| 25:11 | Build | Town Center |
| 25:25 | Build | Farm |
| 25:32 | Build | Castle |
| 25:45 | Research | Forging |
| 25:50 | Research | Scale Barding Armor |
| 26:07 | Research | Heavy Plow |
| 26:12 | Build | Farm |
| 26:14 | Build | Farm |
| 26:20 | Build | House |
| 26:21 | Build | House |
| 26:22 | Build | House |
| 26:24 | Build | House |
| 26:34 | Build | House |
| 26:35 | Build | House |
| 26:37 | Build | House |
| 26:57 | Build | Town Center |
| 27:07 | Research | Bow Saw |
| 27:18 | Research | Stone Mining |
| 27:20 | Research | Gold Mining |
| 27:55 | Build | Mining Camp |
| 28:55 | Research | Imperial Age |
| 29:03 | Queue | Villager (Male) ×3 |
| 29:22 | Queue | Villager (Male) ×2 |
| 29:22 | Queue | Villager (Male) ×2 |
| 29:29 | Queue | Villager (Male) ×2 |
| 29:50 | Build | Siege Workshop |
| 30:17 | Research | Hand Cart |
| 30:19 | Queue | Villager (Male) ×3 |
| 30:25 | Build | Farm |
| 30:33 | Build | Farm |
| 30:35 | Queue | Villager (Male) |
| 30:53 | Build | Castle |
| 31:07 | Build | Farm |
| 31:20 | Research | Stone Shaft Mining |
| 31:34 | Research | Fletching |
| 31:44 | Build | Farm |
| 31:54 | Queue | Villager (Male) |
| 31:54 | Queue | Villager (Male) |
| 31:54 | Queue | Villager (Male) |
| 31:54 | Queue | Villager (Male) |
| 32:00 | Queue | Mangonel |
| 32:00 | Queue | Mangonel |
| 32:01 | Queue | Mangonel |
| 32:05 | Age | Imperial Age |
| 32:09 | Queue | Trebuchet (Packed) |
| 32:09 | Queue | Trebuchet (Packed) |
| 32:10 | Queue | Trebuchet (Packed) |
| 32:10 | Queue | Trebuchet (Packed) |
| 32:27 | Build | University |
| 32:30 | Research | Caravan |
| 32:39 | Build | Farm |
| 32:41 | Build | Farm |
| 33:30 | Build | Farm |
| 33:32 | Build | Farm |
| 33:33 | Build | Farm |
| 33:38 | Build | Farm |
Build order — LJRG10
First 150 of 383 actions detected
| 0:03 | Build | House |
| 0:04 | Queue | Villager (Male) |
| 0:04 | Research | Loom |
| 0:04 | Queue | Villager (Male) |
| 0:04 | Queue | Villager (Male) |
| 0:05 | Queue | Villager (Male) |
| 0:05 | Build | House |
| 0:18 | Build | Palisade Wall |
| 0:20 | Build | Palisade Wall |
| 0:47 | Build | Palisade Wall |
| 1:50 | Build | Lumber Camp |
| 2:21 | Queue | Villager (Male) |
| 2:59 | Queue | Villager (Male) |
| 3:00 | Queue | Villager (Male) |
| 3:31 | Queue | Villager (Male) |
| 4:07 | Queue | Villager (Male) |
| 4:07 | Queue | Villager (Male) |
| 4:38 | Queue | Villager (Male) |
| 4:57 | Queue | Villager (Male) |
| 4:58 | Queue | Villager (Male) |
| 5:09 | Build | House |
| 5:09 | Build | House |
| 5:19 | Queue | Villager (Male) |
| 5:19 | Queue | Villager (Male) |
| 5:42 | Queue | Villager (Male) |
| 5:43 | Queue | Villager (Male) |
| 6:10 | Queue | Villager (Male) ×3 |
| 6:10 | Queue | Villager (Male) ×3 |
| 6:17 | Build | Mill |
| 7:24 | Queue | Villager (Male) |
| 7:24 | Queue | Villager (Male) |
| 7:49 | Build | Lumber Camp |
| 7:53 | Queue | Villager (Male) |
| 8:12 | Queue | Villager (Male) |
| 8:13 | Queue | Villager (Male) |
| 8:13 | Queue | Villager (Male) |
| 8:13 | Queue | Villager (Male) |
| 8:35 | Queue | Villager (Male) |
| 8:39 | Build | House |
| 8:40 | Build | House |
| 9:07 | Queue | Villager (Male) |
| 9:26 | Queue | Villager (Male) |
| 9:47 | Queue | Villager (Male) |
| 10:09 | Build | Mining Camp |
| 10:44 | Queue | Villager (Male) |
| 10:54 | Build | Mill |
| 11:02 | Research | Feudal Age |
| 12:22 | Build | Palisade Wall |
| 12:24 | Build | Palisade Wall |
| 12:34 | Queue | Villager (Male) |
| 13:19 | Age | Feudal Age |
| 13:27 | Build | Stone Wall |
| 13:29 | Build | Stone Wall |
| 13:30 | Build | Stone Wall |
| 13:31 | Build | Stone Wall |
| 13:31 | Build | Stone Wall |
| 13:34 | Build | Stone Wall |
| 13:37 | Queue | Villager (Male) |
| 13:40 | Build | Blacksmith |
| 13:47 | Queue | Villager (Male) |
| 13:50 | Build | Market |
| 14:14 | Build | Stone Wall |
| 14:22 | Queue | Villager (Male) |
| 14:26 | Build | Mining Camp |
| 14:55 | Research | Castle Age |
| 14:56 | Research | Castle Age |
| 15:28 | Build | Farm |
| 15:29 | Build | Farm |
| 15:29 | Build | Farm |
| 15:29 | Build | Farm |
| 15:29 | Build | Farm |
| 15:30 | Build | Farm |
| 15:53 | Build | Farm |
| 16:56 | Queue | Villager (Male) |
| 17:28 | Queue | Villager (Male) |
| 17:29 | Queue | Villager (Male) |
| 17:34 | Build | Farm |
| 17:39 | Age | Castle Age |
| 17:46 | Build | Castle |
| 17:51 | Queue | Villager (Male) |
| 17:51 | Queue | Villager (Male) |
| 17:51 | Queue | Villager (Male) |
| 18:26 | Build | House |
| 18:30 | Build | Farm |
| 18:32 | Queue | Villager (Male) |
| 18:33 | Queue | Villager (Male) |
| 19:03 | Build | Gate |
| 19:05 | Queue | Conquistador |
| 19:05 | Queue | Conquistador |
| 19:33 | Research | Horse Collar |
| 19:36 | Build | Farm |
| 19:57 | Build | Farm |
| 20:00 | Queue | Conquistador |
| 20:00 | Queue | Conquistador |
| 20:10 | Queue | Conquistador |
| 20:10 | Queue | Conquistador |
| 20:16 | Build | Farm |
| 20:21 | Queue | Villager (Male) |
| 20:21 | Queue | Villager (Male) |
| 20:32 | Build | Farm |
| 20:40 | Build | Farm |
| 21:01 | Queue | Conquistador |
| 21:01 | Queue | Conquistador |
| 21:07 | Build | Farm |
| 21:18 | Queue | Villager (Male) |
| 21:18 | Queue | Villager (Male) |
| 21:48 | Queue | Conquistador |
| 21:48 | Queue | Conquistador |
| 22:02 | Queue | Villager (Male) |
| 22:02 | Queue | Villager (Male) |
| 22:18 | Queue | Villager (Male) |
| 22:19 | Queue | Villager (Male) |
| 22:38 | Build | Town Center |
| 22:55 | Queue | Villager (Male) ×2 |
| 22:55 | Queue | Villager (Male) ×3 |
| 22:55 | Queue | Villager (Male) |
| 22:55 | Queue | Villager (Male) |
| 23:10 | Queue | Villager (Male) |
| 23:10 | Queue | Villager (Male) |
| 23:20 | Build | Mining Camp |
| 23:26 | Queue | Villager (Male) |
| 23:26 | Queue | Villager (Male) |
| 23:39 | Queue | Villager (Male) |
| 23:40 | Queue | Villager (Male) |
| 24:09 | Build | Town Center |
| 24:14 | Queue | Villager (Male) |
| 24:14 | Queue | Villager (Male) |
| 24:23 | Queue | Villager (Male) |
| 24:23 | Queue | Villager (Male) |
| 24:30 | Build | Farm |
| 24:39 | Build | House |
| 24:40 | Build | House |
| 24:49 | Queue | Villager (Male) |
| 24:49 | Queue | Villager (Male) |
| 24:49 | Queue | Villager (Male) |
| 24:57 | Queue | Villager (Male) |
| 24:57 | Queue | Villager (Male) |
| 25:02 | Build | Farm |
| 25:03 | Build | Farm |
| 25:03 | Build | Farm |
| 25:11 | Queue | Villager (Male) |
| 25:12 | Queue | Villager (Male) |
| 25:23 | Build | Farm |
| 25:28 | Queue | Villager (Male) ×2 |
| 25:28 | Queue | Villager (Male) ×2 |
| 25:48 | Queue | Villager (Male) |
| 26:09 | Queue | Villager (Male) |
| 26:09 | Queue | Villager (Male) |
| 26:09 | Queue | Villager (Male) |
| 26:23 | Queue | Villager (Male) |
Build order — JaebiS_°-°_Shooter
First 150 of 300 actions detected
| 0:03 | Queue | Villager (Male) |
| 0:03 | Queue | Villager (Male) |
| 0:03 | Queue | Villager (Male) |
| 0:05 | Build | House |
| 0:07 | Build | House |
| 0:37 | Research | Loom |
| 0:37 | Queue | Villager (Male) |
| 0:58 | Queue | Villager (Male) |
| 0:59 | Queue | Villager (Male) |
| 1:24 | Build | Palisade Wall |
| 1:53 | Build | Palisade Gate |
| 2:17 | Build | Palisade Wall |
| 2:22 | Build | Palisade Gate |
| 2:26 | Queue | Villager (Male) |
| 2:27 | Queue | Villager (Male) |
| 2:27 | Queue | Villager (Male) |
| 3:01 | Queue | Villager (Male) |
| 4:08 | Queue | Villager (Male) |
| 4:09 | Queue | Villager (Male) |
| 4:09 | Queue | Villager (Male) |
| 4:09 | Queue | Villager (Male) |
| 4:10 | Queue | Villager (Male) |
| 4:22 | Build | Palisade Wall |
| 4:42 | Build | Palisade Wall |
| 4:48 | Queue | Villager (Male) |
| 4:56 | Build | House |
| 4:58 | Build | House |
| 5:34 | Queue | Villager (Male) |
| 6:47 | Build | Mill |
| 6:58 | Queue | Villager (Male) |
| 6:58 | Queue | Villager (Male) |
| 7:16 | Queue | Villager (Male) |
| 8:18 | Queue | Villager (Male) |
| 8:19 | Queue | Villager (Male) |
| 8:50 | Queue | Villager (Male) |
| 9:25 | Queue | Villager (Male) |
| 9:43 | Build | Mining Camp |
| 10:04 | Build | Mining Camp |
| 10:15 | Build | Mill |
| 10:18 | Queue | Villager (Male) |
| 10:20 | Research | Feudal Age |
| 10:32 | Build | House |
| 10:34 | Build | House |
| 10:48 | Build | House |
| 11:09 | Build | Lumber Camp |
| 11:21 | Queue | Villager (Male) |
| 11:55 | Build | Lumber Camp |
| 12:30 | Age | Feudal Age |
| 12:34 | Queue | Villager (Male) |
| 12:46 | Build | Stone Wall |
| 12:53 | Build | Gate |
| 13:03 | Queue | Villager (Male) |
| 13:15 | Queue | Villager (Male) |
| 13:17 | Research | Horse Collar |
| 13:32 | Build | Mill |
| 13:37 | Queue | Villager (Male) |
| 14:26 | Queue | Villager (Male) |
| 14:30 | Build | Farm |
| 14:30 | Build | Farm |
| 14:30 | Build | Farm |
| 14:31 | Build | Farm |
| 14:31 | Build | Farm |
| 14:31 | Build | Farm |
| 14:34 | Queue | Villager (Male) |
| 14:56 | Queue | Villager (Male) |
| 15:30 | Queue | Villager (Male) |
| 15:33 | Build | Farm |
| 15:35 | Build | Farm |
| 15:36 | Build | Farm |
| 15:39 | Queue | Villager (Male) |
| 15:56 | Queue | Villager (Male) |
| 16:18 | Build | Stone Wall |
| 16:24 | Build | Stone Wall |
| 16:37 | Build | Gate |
| 16:45 | Queue | Villager (Male) |
| 16:53 | Build | Market |
| 17:03 | Queue | Villager (Male) |
| 17:04 | Queue | Villager (Male) |
| 17:23 | Queue | Villager (Male) |
| 17:30 | Build | Blacksmith |
| 18:01 | Build | Farm |
| 18:36 | Build | Barracks |
| 18:39 | Build | Barracks |
| 18:48 | Queue | Villager (Male) |
| 18:50 | Research | Castle Age |
| 19:05 | Research | Double-Bit Axe |
| 19:40 | Build | House |
| 19:42 | Build | House |
| 20:03 | Build | Mining Camp |
| 20:15 | Queue | Villager (Male) |
| 20:24 | Research | Stone Mining |
| 20:25 | Research | Gold Mining |
| 20:32 | Queue | Spearman |
| 20:33 | Queue | Spearman |
| 20:35 | Queue | Spearman |
| 20:45 | Queue | Spearman |
| 21:02 | Queue | Spearman |
| 21:30 | Age | Castle Age |
| 21:50 | Build | Town Center |
| 22:11 | Build | Castle |
| 22:15 | Queue | Villager (Male) |
| 22:15 | Queue | Villager (Male) |
| 22:16 | Queue | Villager (Male) |
| 22:17 | Queue | Villager (Male) |
| 22:22 | Queue | Villager (Male) |
| 22:43 | Research | Pikeman (upgrade) |
| 22:46 | Queue | Spearman |
| 22:46 | Queue | Spearman |
| 22:46 | Queue | Spearman |
| 22:47 | Queue | Spearman |
| 22:47 | Queue | Spearman |
| 23:13 | Build | Town Center |
| 23:22 | Build | House |
| 23:24 | Build | House |
| 23:24 | Build | House |
| 23:25 | Build | House |
| 23:27 | Build | House |
| 23:28 | Build | House |
| 23:29 | Build | House |
| 23:31 | Build | House |
| 23:32 | Build | House |
| 23:33 | Build | House |
| 23:35 | Build | House |
| 23:47 | Build | Farm |
| 23:49 | Build | Farm |
| 23:58 | Research | Bow Saw |
| 24:03 | Queue | Villager (Male) |
| 24:08 | Research | Fletching |
| 24:10 | Queue | Spearman |
| 24:30 | Build | Farm |
| 24:41 | Queue | Villager (Male) |
| 24:42 | Queue | Villager (Male) |
| 24:55 | Build | Monastery |
| 24:59 | Queue | Villager (Male) |
| 25:00 | Queue | Villager (Male) |
| 25:07 | Build | Farm |
| 25:08 | Build | Farm |
| 25:09 | Build | Farm |
| 25:10 | Build | Farm |
| 25:12 | Build | Farm |
| 25:13 | Build | Farm |
| 25:24 | Build | Farm |
| 25:26 | Build | Farm |
| 25:27 | Build | Farm |
| 25:27 | Build | Farm |
| 25:35 | Queue | Villager (Male) |
| 25:38 | Queue | Villager (Male) |
| 25:53 | Build | Farm |
| 25:54 | Queue | Villager (Male) |
| 25:54 | Queue | Villager (Male) |
Build order — Marckozz7
First 150 of 214 actions detected
| 0:03 | Queue | Villager (Male) ×4 |
| 0:08 | Build | House |
| 0:10 | Build | House |
| 0:57 | Research | Loom |
| 2:19 | Build | Palisade Wall |
| 2:24 | Build | Palisade Gate |
| 2:32 | Queue | Villager (Male) ×2 |
| 2:33 | Queue | Villager (Male) ×2 |
| 3:25 | Build | Palisade Wall |
| 3:46 | Build | Lumber Camp |
| 3:52 | Queue | Villager (Male) ×2 |
| 3:53 | Queue | Villager (Male) |
| 4:17 | Queue | Villager (Male) |
| 5:48 | Build | House |
| 5:50 | Build | House |
| 6:02 | Queue | Villager (Male) ×3 |
| 6:04 | Queue | Villager (Male) |
| 7:29 | Build | Mining Camp |
| 7:36 | Queue | Villager (Male) ×4 |
| 8:47 | Build | Mill |
| 9:10 | Queue | Villager (Male) |
| 9:21 | Build | House |
| 9:22 | Build | House |
| 9:48 | Build | Farm |
| 9:48 | Build | Farm |
| 10:27 | Build | Farm |
| 10:39 | Queue | Villager (Male) |
| 10:55 | Research | Feudal Age |
| 11:11 | Queue | Villager (Male) |
| 12:22 | Build | Lumber Camp |
| 12:35 | Build | Mill |
| 12:47 | Build | Barracks |
| 13:14 | Age | Feudal Age |
| 13:37 | Build | Stone Wall |
| 14:13 | Queue | Villager (Male) ×5 |
| 14:15 | Queue | Villager (Male) ×5 |
| 15:11 | Build | Mining Camp |
| 15:36 | Build | Market |
| 16:12 | Build | Blacksmith |
| 16:40 | Queue | Villager (Male) |
| 16:41 | Queue | Villager (Male) |
| 17:50 | Research | Castle Age |
| 18:02 | Build | Market |
| 18:17 | Build | Farm |
| 18:18 | Build | Farm |
| 18:18 | Build | Farm |
| 18:18 | Build | Farm |
| 18:19 | Build | Farm |
| 18:19 | Build | Farm |
| 18:19 | Build | Farm |
| 18:19 | Build | Farm |
| 18:19 | Build | Farm |
| 18:20 | Build | Farm |
| 18:20 | Build | Farm |
| 18:57 | Build | House |
| 19:00 | Build | House |
| 19:01 | Build | House |
| 19:02 | Build | House |
| 19:05 | Build | House |
| 19:05 | Build | House |
| 19:11 | Build | Farm |
| 19:17 | Build | Farm |
| 19:26 | Build | Farm |
| 20:04 | Research | Double-Bit Axe |
| 20:05 | Research | Horse Collar |
| 20:30 | Age | Castle Age |
| 22:06 | Build | Castle |
| 22:15 | Queue | Villager (Male) ×5 |
| 22:41 | Build | Town Center |
| 22:50 | Build | House |
| 22:51 | Build | House |
| 22:55 | Build | University |
| 23:32 | Queue | Villager (Male) ×5 |
| 23:35 | Queue | Villager (Male) ×5 |
| 23:58 | Build | Town Center |
| 24:49 | Build | Watch Tower |
| 25:02 | Build | House |
| 25:03 | Build | House |
| 25:07 | Build | House |
| 25:23 | Queue | Villager (Male) ×3 |
| 25:46 | Queue | Villager (Male) |
| 25:51 | Build | Farm |
| 25:54 | Build | Farm |
| 25:59 | Queue | Villager (Male) |
| 25:59 | Queue | Villager (Male) |
| 26:13 | Queue | Villager (Male) |
| 26:18 | Build | Farm |
| 26:18 | Build | Farm |
| 26:18 | Build | Farm |
| 26:32 | Build | Farm |
| 26:36 | Queue | Villager (Male) ×2 |
| 26:42 | Build | House |
| 26:46 | Build | House |
| 26:49 | Build | House |
| 26:50 | Build | House |
| 26:51 | Build | House |
| 26:53 | Build | House |
| 26:58 | Build | Farm |
| 26:58 | Build | Farm |
| 27:04 | Build | Farm |
| 27:09 | Queue | Villager (Male) ×2 |
| 27:13 | Build | Farm |
| 27:13 | Build | Farm |
| 27:19 | Queue | Villager (Male) |
| 27:41 | Queue | Villager (Male) ×3 |
| 27:53 | Queue | Villager (Male) |
| 28:10 | Queue | Villager (Male) ×2 |
| 28:17 | Build | Farm |
| 28:17 | Build | Farm |
| 28:17 | Build | Farm |
| 28:24 | Queue | Villager (Male) ×2 |
| 28:37 | Queue | Villager (Male) ×2 |
| 28:47 | Build | Farm |
| 28:47 | Build | Farm |
| 28:47 | Build | Farm |
| 28:54 | Queue | Villager (Male) ×2 |
| 29:19 | Queue | Villager (Male) ×4 |
| 29:40 | Queue | Villager (Male) ×4 |
| 29:41 | Queue | Villager (Male) ×4 |
| 29:47 | Build | House |
| 29:48 | Build | House |
| 29:49 | Build | House |
| 29:50 | Build | House |
| 29:51 | Build | House |
| 29:54 | Build | House |
| 29:56 | Build | House |
| 29:58 | Build | House |
| 29:59 | Build | House |
| 30:10 | Build | Farm |
| 30:11 | Build | Farm |
| 30:12 | Build | Farm |
| 30:16 | Build | Farm |
| 30:41 | Research | Imperial Age |
| 30:57 | Queue | Villager (Male) ×4 |
| 31:13 | Queue | Villager (Male) ×3 |
| 31:28 | Build | Siege Workshop |
| 31:31 | Build | Siege Workshop |
| 31:44 | Build | Siege Workshop |
| 31:50 | Build | Siege Workshop |
| 31:56 | Build | Siege Workshop |
| 32:20 | Research | Gold Mining |
| 32:21 | Research | Stone Mining |
| 32:25 | Research | Heavy Plow |
| 32:29 | Research | Bow Saw |
| 32:36 | Research | Wheelbarrow |
| 32:37 | Research | Town Watch |
| 32:38 | Queue | Villager (Male) ×5 |
| 33:04 | Research | Caravan |
| 33:17 | Queue | Trade Cart ×3 |
| 33:38 | Queue | Villager (Male) ×5 |
Build order — DEIVIN
First 150 of 197 actions detected
| 0:07 | Build | House |
| 0:09 | Build | House |
| 0:10 | Build | House |
| 0:18 | Research | Loom |
| 0:19 | Queue | Villager (Male) |
| 0:19 | Queue | Villager (Male) |
| 0:19 | Queue | Villager (Male) |
| 0:20 | Queue | Villager (Male) |
| 0:20 | Queue | Villager (Male) |
| 2:52 | Queue | Villager (Male) |
| 3:21 | Queue | Villager (Male) |
| 4:02 | Queue | Villager (Male) |
| 4:36 | Queue | Villager (Male) |
| 5:39 | Queue | Villager (Male) |
| 5:39 | Queue | Villager (Male) |
| 5:39 | Queue | Villager (Male) |
| 5:40 | Queue | Villager (Male) |
| 5:51 | Build | Mill |
| 6:18 | Queue | Villager (Male) |
| 6:18 | Queue | Villager (Male) |
| 6:18 | Queue | Villager (Male) |
| 6:19 | Queue | Villager (Male) |
| 6:54 | Queue | Villager (Male) |
| 6:54 | Queue | Villager (Male) |
| 6:54 | Queue | Villager (Male) |
| 7:05 | Queue | Villager (Male) |
| 7:14 | Queue | Villager (Male) |
| 7:14 | Queue | Villager (Male) |
| 7:39 | Queue | Villager (Male) |
| 8:16 | Build | House |
| 8:17 | Build | House |
| 8:18 | Build | House |
| 8:53 | Queue | Villager (Male) |
| 8:53 | Queue | Villager (Male) |
| 10:02 | Queue | Villager (Male) |
| 10:03 | Queue | Villager (Male) |
| 10:03 | Queue | Villager (Male) |
| 10:03 | Queue | Villager (Male) |
| 10:14 | Build | Mining Camp |
| 10:23 | Build | Lumber Camp |
| 10:39 | Build | Lumber Camp |
| 11:35 | Queue | Villager (Male) |
| 11:35 | Queue | Villager (Male) |
| 12:46 | Queue | Villager (Male) |
| 12:47 | Queue | Villager (Male) |
| 12:48 | Queue | Villager (Male) |
| 12:48 | Queue | Villager (Male) |
| 12:49 | Queue | Villager (Male) |
| 13:53 | Build | Farm |
| 13:54 | Build | Farm |
| 13:55 | Build | Farm |
| 14:01 | Build | Farm |
| 14:02 | Build | Farm |
| 14:04 | Build | Farm |
| 14:07 | Build | Farm |
| 14:11 | Build | Farm |
| 14:17 | Build | Farm |
| 14:18 | Build | Farm |
| 14:30 | Research | Feudal Age |
| 15:04 | Build | Farm |
| 17:01 | Age | Feudal Age |
| 17:07 | Build | Market |
| 17:11 | Build | Blacksmith |
| 17:18 | Research | Double-Bit Axe |
| 17:25 | Build | Mining Camp |
| 17:29 | Queue | Villager (Male) |
| 17:30 | Queue | Villager (Male) |
| 17:36 | Queue | Villager (Male) |
| 17:39 | Queue | Villager (Male) |
| 18:01 | Build | House |
| 18:03 | Build | House |
| 18:04 | Build | House |
| 18:31 | Research | Horse Collar |
| 18:39 | Research | Gold Mining |
| 18:40 | Research | Stone Mining |
| 19:47 | Build | Barracks |
| 19:58 | Research | Castle Age |
| 22:38 | Age | Castle Age |
| 22:41 | Build | Town Center |
| 22:44 | Research | Bow Saw |
| 22:48 | Research | Heavy Plow |
| 22:52 | Research | Stone Shaft Mining |
| 22:55 | Queue | Villager (Male) |
| 22:56 | Queue | Villager (Male) |
| 22:56 | Queue | Villager (Male) |
| 22:56 | Queue | Villager (Male) |
| 22:57 | Queue | Villager (Male) |
| 22:57 | Queue | Villager (Male) |
| 22:57 | Queue | Villager (Male) |
| 22:59 | Queue | Villager (Male) |
| 23:26 | Build | Monastery |
| 23:52 | Build | Barracks |
| 24:07 | Queue | Monk |
| 24:07 | Queue | Monk |
| 24:08 | Queue | Monk |
| 24:19 | Build | Farm |
| 24:20 | Build | Farm |
| 24:22 | Build | Farm |
| 24:30 | Queue | Villager (Male) |
| 24:30 | Queue | Villager (Male) |
| 24:31 | Queue | Villager (Male) |
| 24:31 | Queue | Villager (Male) |
| 24:31 | Queue | Villager (Male) |
| 25:14 | Research | Pikeman (upgrade) |
| 25:14 | Research | Squires |
| 25:22 | Build | Stable |
| 25:24 | Build | Stable |
| 26:28 | Build | Castle |
| 27:16 | Build | University |
| 28:07 | Queue | Spearman |
| 28:07 | Queue | Spearman |
| 28:08 | Queue | Spearman |
| 28:08 | Queue | Spearman |
| 28:08 | Queue | Spearman |
| 28:09 | Queue | Spearman |
| 28:09 | Queue | Spearman |
| 28:09 | Queue | Spearman |
| 28:09 | Queue | Spearman |
| 28:09 | Queue | Spearman |
| 28:10 | Queue | Spearman |
| 28:10 | Queue | Spearman |
| 28:10 | Queue | Spearman |
| 28:11 | Queue | Spearman |
| 28:11 | Queue | Spearman |
| 28:11 | Queue | Spearman |
| 28:12 | Queue | Spearman |
| 28:12 | Queue | Spearman |
| 28:12 | Queue | Spearman |
| 28:12 | Queue | Spearman |
| 28:13 | Queue | Spearman |
| 28:42 | Build | House |
| 28:43 | Build | House |
| 28:44 | Build | House |
| 28:46 | Build | House |
| 28:48 | Build | House |
| 28:50 | Build | House |
| 30:01 | Queue | Villager (Male) |
| 30:01 | Queue | Villager (Male) |
| 30:02 | Queue | Villager (Male) |
| 30:02 | Queue | Villager (Male) |
| 30:02 | Queue | Villager (Male) |
| 30:03 | Queue | Villager (Male) |
| 30:03 | Queue | Villager (Male) |
| 30:03 | Queue | Villager (Male) |
| 30:15 | Build | Farm |
| 30:20 | Build | Farm |
| 30:21 | Build | Farm |
| 30:23 | Build | Farm |
| 30:44 | Build | Farm |
| 31:19 | Build | Farm |
Build order — 青山新雨 夜观星河
First 150 of 358 actions detected
| 0:03 | Queue | Villager (Male) |
| 0:03 | Queue | Villager (Male) |
| 0:04 | Queue | Villager (Male) |
| 0:06 | Build | House |
| 0:08 | Build | House |
| 0:37 | Queue | Villager (Male) |
| 0:38 | Research | Loom |
| 0:39 | Queue | Villager (Male) |
| 1:00 | Queue | Villager (Male) |
| 1:29 | Queue | Villager (Male) |
| 1:56 | Build | House |
| 1:59 | Build | House |
| 2:09 | Queue | Villager (Male) |
| 2:35 | Queue | Villager (Male) |
| 2:59 | Build | Palisade Gate |
| 3:09 | Build | Lumber Camp |
| 3:13 | Queue | Villager (Male) |
| 3:48 | Build | House |
| 3:52 | Queue | Villager (Male) |
| 4:07 | Queue | Villager (Male) |
| 4:08 | Queue | Villager (Male) |
| 4:46 | Queue | Villager (Male) |
| 5:07 | Build | Mill |
| 5:42 | Queue | Villager (Male) |
| 5:42 | Queue | Villager (Male) |
| 6:19 | Queue | Villager (Male) |
| 6:20 | Queue | Villager (Male) |
| 7:05 | Queue | Villager (Male) |
| 7:05 | Queue | Villager (Male) |
| 7:19 | Queue | Villager (Male) |
| 7:52 | Queue | Villager (Male) |
| 8:23 | Queue | Villager (Male) |
| 8:34 | Build | Mill |
| 8:41 | Build | Mining Camp |
| 10:00 | Research | Feudal Age |
| 11:39 | Queue | Villager (Male) |
| 11:39 | Queue | Villager (Male) |
| 12:04 | Age | Feudal Age |
| 12:11 | Build | Market |
| 12:24 | Build | Blacksmith |
| 13:24 | Research | Castle Age |
| 13:58 | Build | Farm |
| 14:05 | Build | Lumber Camp |
| 14:18 | Research | Double-Bit Axe |
| 14:22 | Research | Horse Collar |
| 14:48 | Build | House |
| 15:20 | Queue | Villager (Male) |
| 15:20 | Queue | Villager (Male) |
| 15:49 | Age | Castle Age |
| 15:53 | Build | Town Center |
| 16:00 | Research | Wheelbarrow |
| 16:13 | Build | Town Center |
| 16:55 | Research | Heavy Plow |
| 17:09 | Queue | Villager (Male) |
| 17:32 | Queue | Villager (Male) |
| 17:40 | Build | Farm |
| 17:42 | Build | Farm |
| 17:51 | Build | Farm |
| 17:59 | Build | Farm |
| 18:04 | Build | Farm |
| 18:07 | Queue | Villager (Male) |
| 18:18 | Build | Stone Wall |
| 18:21 | Build | Stone Wall |
| 18:39 | Build | Farm |
| 18:46 | Build | Farm |
| 18:48 | Build | Farm |
| 18:55 | Build | Farm |
| 18:56 | Build | Farm |
| 18:58 | Build | Farm |
| 19:01 | Queue | Villager (Male) |
| 19:04 | Build | Farm |
| 19:12 | Build | Gate |
| 19:18 | Build | Stone Wall |
| 19:26 | Queue | Villager (Male) |
| 19:38 | Build | Farm |
| 19:41 | Build | Farm |
| 19:42 | Build | Farm |
| 19:44 | Build | Farm |
| 19:50 | Queue | Villager (Male) |
| 19:52 | Build | Farm |
| 19:56 | Queue | Villager (Male) |
| 20:01 | Build | Farm |
| 20:02 | Build | Farm |
| 20:03 | Build | Farm |
| 20:05 | Build | Farm |
| 20:06 | Queue | Villager (Male) |
| 20:13 | Build | Farm |
| 20:14 | Queue | Villager (Male) |
| 20:16 | Build | Farm |
| 20:21 | Queue | Villager (Male) |
| 20:31 | Queue | Villager (Male) |
| 20:35 | Build | Farm |
| 20:46 | Queue | Villager (Male) |
| 20:49 | Build | Farm |
| 20:52 | Queue | Villager (Male) |
| 20:56 | Build | Farm |
| 20:57 | Queue | Villager (Male) |
| 20:59 | Build | Farm |
| 21:02 | Queue | Villager (Male) |
| 21:08 | Build | House |
| 21:12 | Build | House |
| 21:13 | Build | House |
| 21:17 | Queue | Villager (Male) |
| 21:21 | Build | Farm |
| 21:32 | Queue | Villager (Male) |
| 21:35 | Build | Farm |
| 21:44 | Queue | Villager (Male) |
| 21:45 | Queue | Villager (Male) |
| 21:57 | Build | House |
| 22:08 | Queue | Villager (Male) |
| 22:10 | Build | Farm |
| 22:13 | Build | Farm |
| 22:14 | Queue | Villager (Male) |
| 22:15 | Queue | Villager (Male) |
| 22:17 | Build | Farm |
| 22:19 | Queue | Villager (Male) |
| 22:23 | Build | Farm |
| 22:29 | Research | Bow Saw |
| 22:40 | Queue | Villager (Male) |
| 22:41 | Queue | Villager (Male) |
| 22:44 | Queue | Villager (Male) |
| 22:46 | Build | Farm |
| 22:48 | Queue | Villager (Male) |
| 22:52 | Build | Farm |
| 22:55 | Build | Farm |
| 23:05 | Build | House |
| 23:16 | Build | Monastery |
| 23:20 | Queue | Villager (Male) |
| 23:21 | Queue | Villager (Male) |
| 23:23 | Queue | Villager (Male) |
| 23:30 | Build | Farm |
| 23:33 | Build | Mill |
| 23:39 | Build | Farm |
| 23:40 | Queue | Villager (Male) |
| 23:45 | Build | Farm |
| 23:48 | Queue | Villager (Male) |
| 23:48 | Queue | Villager (Male) |
| 23:52 | Queue | Villager (Male) |
| 23:54 | Queue | Villager (Male) |
| 24:05 | Build | Farm |
| 24:07 | Build | Farm |
| 24:08 | Queue | Villager (Male) |
| 24:10 | Queue | Villager (Male) |
| 24:11 | Queue | Villager (Male) |
| 24:11 | Queue | Villager (Male) |
| 24:13 | Queue | Villager (Male) |
| 24:14 | Queue | Villager (Male) |
| 24:27 | Queue | Monk |
| 24:34 | Build | House |
| 24:39 | Build | House |
Build order — fernandosg1502
First 150 of 216 actions detected
| 0:15 | Build | House |
| 0:17 | Queue | Villager (Male) |
| 0:45 | Queue | Villager (Male) |
| 0:45 | Queue | Villager (Male) |
| 1:50 | Build | Mill |
| 1:59 | Queue | Villager (Male) |
| 2:00 | Queue | Villager (Male) |
| 2:21 | Build | House |
| 3:17 | Queue | Villager (Male) |
| 3:31 | Queue | Villager (Male) |
| 3:36 | Queue | Villager (Male) |
| 5:27 | Build | Lumber Camp |
| 8:10 | Research | Feudal Age |
| 8:37 | Queue | Villager (Male) |
| 9:01 | Build | House |
| 9:08 | Build | House |
| 10:12 | Build | Mining Camp |
| 10:18 | Queue | Villager (Male) |
| 10:19 | Queue | Villager (Male) |
| 10:19 | Queue | Villager (Male) |
| 10:20 | Queue | Villager (Male) |
| 10:20 | Age | Feudal Age |
| 10:47 | Build | Watch Tower |
| 11:07 | Build | Stone Wall |
| 11:22 | Build | Barracks |
| 12:09 | Build | Mining Camp |
| 12:12 | Queue | Villager (Male) |
| 12:12 | Queue | Villager (Male) |
| 12:12 | Queue | Villager (Male) |
| 12:13 | Queue | Villager (Male) |
| 12:13 | Queue | Villager (Male) |
| 12:25 | Build | Mill |
| 12:49 | Queue | Militia |
| 12:50 | Queue | Spearman |
| 13:20 | Queue | Villager (Male) |
| 13:50 | Build | House |
| 13:52 | Build | House |
| 13:55 | Build | House |
| 14:16 | Build | Gate |
| 15:01 | Build | Farm |
| 15:10 | Build | Farm |
| 15:27 | Build | Blacksmith |
| 15:42 | Build | Farm |
| 15:45 | Queue | Villager (Male) |
| 15:45 | Queue | Villager (Male) |
| 15:46 | Queue | Villager (Male) |
| 16:29 | Build | Stone Wall |
| 16:38 | Research | Man-at-Arms (upgrade) |
| 16:39 | Queue | Spearman |
| 16:40 | Queue | Militia |
| 17:04 | Build | Stable |
| 17:27 | Queue | Spearman |
| 17:28 | Queue | Militia |
| 17:29 | Queue | Spearman |
| 17:29 | Queue | Militia |
| 18:35 | Build | Farm |
| 18:54 | Build | Farm |
| 19:03 | Build | Farm |
| 19:27 | Queue | Scout Cavalry |
| 19:56 | Build | Stone Wall |
| 20:05 | Build | Gate |
| 20:18 | Build | Stone Wall |
| 20:27 | Queue | Spearman |
| 20:27 | Queue | Spearman |
| 20:27 | Queue | Spearman |
| 20:28 | Queue | Militia |
| 20:30 | Queue | Scout Cavalry |
| 20:47 | Build | Farm |
| 20:58 | Build | Farm |
| 21:14 | Build | House |
| 21:20 | Research | Forging |
| 21:33 | Queue | Spearman |
| 21:33 | Queue | Spearman |
| 21:34 | Queue | Spearman |
| 21:56 | Build | Watch Tower |
| 22:00 | Queue | Villager (Male) |
| 22:00 | Queue | Villager (Male) |
| 22:00 | Queue | Villager (Male) |
| 22:22 | Build | Farm |
| 22:30 | Research | Scale Mail Armor |
| 23:20 | Build | Farm |
| 23:28 | Queue | Villager (Male) |
| 23:28 | Queue | Villager (Male) |
| 23:29 | Queue | Villager (Male) |
| 23:29 | Queue | Villager (Male) |
| 23:46 | Queue | Spearman |
| 23:47 | Queue | Spearman |
| 24:13 | Build | Farm |
| 25:17 | Build | Stone Wall |
| 25:29 | Build | Gate |
| 25:34 | Queue | Spearman |
| 25:35 | Queue | Spearman |
| 25:35 | Queue | Spearman |
| 25:38 | Queue | Scout Cavalry |
| 25:44 | Queue | Villager (Male) |
| 25:44 | Queue | Villager (Male) |
| 25:44 | Queue | Villager (Male) |
| 25:44 | Queue | Villager (Male) |
| 25:45 | Research | Loom |
| 25:55 | Build | Archery Range |
| 26:05 | Build | Farm |
| 26:15 | Research | Padded Archer Armor |
| 26:16 | Research | Fletching |
| 27:04 | Build | Stone Wall |
| 27:14 | Build | House |
| 27:19 | Build | House |
| 27:44 | Build | Farm |
| 28:15 | Build | Farm |
| 28:31 | Queue | Spearman |
| 28:32 | Queue | Militia |
| 28:32 | Queue | Militia |
| 28:42 | Queue | Skirmisher |
| 28:42 | Queue | Archer |
| 28:43 | Queue | Skirmisher |
| 28:43 | Queue | Archer |
| 29:18 | Build | Watch Tower |
| 30:27 | Research | Castle Age |
| 30:37 | Queue | Skirmisher |
| 30:38 | Queue | Archer |
| 30:40 | Queue | Skirmisher |
| 31:12 | Research | Arson |
| 31:13 | Queue | Spearman |
| 31:14 | Queue | Militia |
| 31:28 | Build | Barracks |
| 31:53 | Build | Stone Wall |
| 32:06 | Build | House |
| 32:14 | Build | House |
| 32:15 | Build | House |
| 32:16 | Build | House |
| 32:36 | Research | Stone Mining |
| 32:41 | Research | Double-Bit Axe |
| 32:44 | Queue | Spearman |
| 32:44 | Queue | Spearman |
| 33:05 | Queue | Spearman |
| 33:05 | Queue | Spearman |
| 33:07 | Age | Castle Age |
| 33:07 | Queue | Militia |
| 33:32 | Build | Siege Workshop |
| 33:45 | Build | Gate |
| 34:02 | Build | Stone Wall |
| 34:11 | Queue | Villager (Male) |
| 34:11 | Queue | Villager (Male) |
| 34:11 | Queue | Villager (Male) |
| 34:11 | Queue | Villager (Male) |
| 34:12 | Queue | Villager (Male) |
| 34:12 | Queue | Villager (Male) |
| 34:19 | Research | Gold Mining |
| 34:22 | Queue | Spearman |
| 34:23 | Queue | Spearman |
| 34:56 | Build | Watch Tower |
Match timeline
| 0:18 | LJRG10 · wall_segment Palisade Wall x11 |
| 0:20 | LJRG10 · wall_segment Palisade Wall x11 |
| 0:47 | LJRG10 · wall_segment Palisade Wall x1 |
| 1:24 | JaebiS_°-°_Shooter · wall_segment Palisade Wall x10 |
| 1:55 | 武靖岐阳王李文忠 · wall_segment Palisade Wall x1 |
| 2:17 | JaebiS_°-°_Shooter · wall_segment Palisade Wall x13 |
| 2:19 | Marckozz7 · wall_segment Palisade Wall x9 |
| 2:24 | 武靖岐阳王李文忠 · wall_segment Palisade Wall x9 |
| 3:25 | Marckozz7 · wall_segment Palisade Wall x1 |
| 4:22 | JaebiS_°-°_Shooter · wall_segment Palisade Wall x1 |
| 4:42 | JaebiS_°-°_Shooter · wall_segment Palisade Wall x1 |
| 10:20 | fernandosg1502 · age_up feudal |
| 11:07 | fernandosg1502 · wall_segment Stone Wall x28 |
| 11:22 | fernandosg1502 · first_building Barracks |
| 11:55 | white wolf and Gun · age_up feudal |
| 12:01 | white wolf and Gun · wall_segment Stone Wall x13 |
| 12:04 | 青山新雨 夜观星河 · age_up feudal |
| 12:15 | 武靖岐阳王李文忠 · age_up feudal |
| 12:22 | LJRG10 · wall_segment Palisade Wall x1 |
| 12:24 | LJRG10 · wall_segment Palisade Wall x9 |
| 12:30 | JaebiS_°-°_Shooter · age_up feudal |
| 12:46 | JaebiS_°-°_Shooter · wall_segment Stone Wall x12 |
| 12:47 | Marckozz7 · first_building Barracks |
| 13:12 | 武靖岐阳王李文忠 · wall_segment Stone Wall x11 |
| 13:14 | Marckozz7 · age_up feudal |
| 13:19 | LJRG10 · age_up feudal |
| 13:27 | LJRG10 · wall_segment Stone Wall x2 |
| 13:29 | LJRG10 · wall_segment Stone Wall x3 |
| 13:30 | LJRG10 · wall_segment Stone Wall x8 |
| 13:31 | LJRG10 · wall_segment Stone Wall x1 |
| 13:31 | LJRG10 · wall_segment Stone Wall x2 |
| 13:34 | LJRG10 · wall_segment Stone Wall x9 |
| 13:37 | Marckozz7 · wall_segment Stone Wall x11 |
| 14:14 | LJRG10 · wall_segment Stone Wall x1 |
| 15:22 | white wolf and Gun · wall_segment Stone Wall x12 |
| 15:49 | 青山新雨 夜观星河 · age_up castle |
| 16:10 | 武靖岐阳王李文忠 · wall_segment Stone Wall x13 |
| 16:18 | JaebiS_°-°_Shooter · wall_segment Stone Wall x6 |
| 16:21 | LJRG10 · first_market_buy 100 stone |
| 16:24 | JaebiS_°-°_Shooter · wall_segment Stone Wall x17 |
| 16:29 | fernandosg1502 · wall_segment Stone Wall x6 |
| 17:01 | DEIVIN · age_up feudal |
| 17:04 | fernandosg1502 · first_building Stable |
| 17:16 | LJRG10 · first_market_sell 100 food |
| 17:39 | LJRG10 · age_up castle |
| 17:39 | white wolf and Gun · age_up castle |
| 17:46 | LJRG10 · first_building Castle |
| 18:05 | white wolf and Gun · first_market_buy 100 wood |
| 18:18 | 青山新雨 夜观星河 · wall_segment Stone Wall x1 |
| 18:21 | 青山新雨 夜观星河 · wall_segment Stone Wall x1 |
| 18:32 | 武靖岐阳王李文忠 · wall_segment Stone Wall x13 |
| 18:34 | white wolf and Gun · wall_segment Stone Wall x37 |
| 18:36 | JaebiS_°-°_Shooter · first_building Barracks |
| 19:08 | white wolf and Gun · wall_segment Stone Wall x15 |
| 19:18 | 青山新雨 夜观星河 · wall_segment Stone Wall x4 |
| 19:42 | Marckozz7 · first_market_buy 100 wood |
| 19:47 | DEIVIN · first_building Barracks |
| 19:56 | fernandosg1502 · wall_segment Stone Wall x9 |
| 20:18 | fernandosg1502 · wall_segment Stone Wall x5 |
| 20:30 | Marckozz7 · age_up castle |
| 20:32 | 武靖岐阳王李文忠 · age_up castle |
| 21:06 | 武靖岐阳王李文忠 · wall_segment Stone Wall x1 |
| 21:30 | JaebiS_°-°_Shooter · age_up castle |
| 21:37 | white wolf and Gun · wall_segment Stone Wall x15 |
| 21:41 | 武靖岐阳王李文忠 · wall_segment Stone Wall x10 |
| 22:06 | Marckozz7 · first_building Castle |
| 22:11 | JaebiS_°-°_Shooter · first_building Castle |
| 22:21 | white wolf and Gun · wall_segment Stone Wall x10 |
| 22:31 | Marckozz7 · first_market_sell 100 wood |
| 22:38 | DEIVIN · age_up castle |
| 22:40 | white wolf and Gun · wall_segment Stone Wall x2 |
| 23:16 | 青山新雨 夜观星河 · first_building Monastery |
| 23:21 | white wolf and Gun · first_building Barracks |
| 23:26 | DEIVIN · first_building Monastery |
| 24:47 | white wolf and Gun · wall_segment Stone Wall x8 |
| 24:55 | JaebiS_°-°_Shooter · first_building Monastery |
| 25:17 | fernandosg1502 · wall_segment Stone Wall x16 |
| 25:22 | DEIVIN · first_building Stable |
| 25:32 | white wolf and Gun · first_building Castle |
| 25:55 | fernandosg1502 · first_building Archery Range |
| 26:28 | DEIVIN · first_building Castle |
| 27:04 | fernandosg1502 · wall_segment Stone Wall x8 |
| 27:57 | 武靖岐阳王李文忠 · first_building Castle |
| 28:21 | 青山新雨 夜观星河 · first_building Castle |
| 29:18 | LJRG10 · wall_segment Palisade Wall x1 |
| 29:24 | LJRG10 · first_building Barracks |
| 29:50 | white wolf and Gun · first_building Siege Workshop |
| 30:43 | 青山新雨 夜观星河 · first_building Siege Workshop |
| 30:50 | LJRG10 · first_building Stable |
| 30:50 | 青山新雨 夜观星河 · first_building Barracks |
| 31:19 | 武靖岐阳王李文忠 · first_building Monastery |
| 31:28 | Marckozz7 · first_building Siege Workshop |
| 31:38 | 青山新雨 夜观星河 · first_building Stable |
| 31:53 | fernandosg1502 · wall_segment Stone Wall x9 |
| 32:05 | white wolf and Gun · age_up imperial |
| 32:43 | 青山新雨 夜观星河 · age_up imperial |
| 33:07 | fernandosg1502 · age_up castle |
| 33:32 | fernandosg1502 · first_building Siege Workshop |
| 33:36 | LJRG10 · first_building Siege Workshop |
| 33:51 | Marckozz7 · age_up imperial |
| 34:02 | fernandosg1502 · wall_segment Stone Wall x13 |
| 34:10 | LJRG10 · age_up imperial |
| 35:15 | 武靖岐阳王李文忠 · first_building Stable |
| 35:25 | 武靖岐阳王李文忠 · age_up imperial |
| 35:26 | white wolf and Gun · first_building Archery Range |
| 36:20 | JaebiS_°-°_Shooter · first_building Siege Workshop |
| 36:38 | DEIVIN · age_up imperial |
| 36:51 | JaebiS_°-°_Shooter · age_up imperial |
| 37:13 | DEIVIN · first_building Siege Workshop |
| 37:45 | JaebiS_°-°_Shooter · first_building Stable |
| 38:29 | JaebiS_°-°_Shooter · resign |
| 39:37 | fernandosg1502 · first_building Castle |
| 42:39 | white wolf and Gun · wall_segment Stone Wall x47 |
[ AI ANALYSIS · 1 CREDIT ]
What really happened in this match?
Wolo.gg analyzes every decision: build order, eco, micro, common mistakes by bracket. Personalized analysis on WhatsApp or Discord in 30 seconds.
Civ guide
Khmer
Perfil
Jugador #22643921